 Dungeon Crawl Stone Soup version 0.25.0-46-gbd7b0854d2 (webtiles) character file.

Game seed: 18034630864382909087

2444 DerDa the Thaumaturge (level 9, -9/59 HPs)
             Began as a Mummy Wizard on July 17, 2020.
             Was a Believer of Sif Muna.
             Killed by divine providence
             ... invoked by an orc priest
              (13 damage)
             ... on level 7 of the Dungeon.
             The game lasted 00:34:08 (10385 turns).

DerDa the Thaumaturge (Mummy Wizard)               Turns: 10385, Time: 00:34:09

Health: -9/59      AC:  3    Str: 15    XL:     9   Next: 25%
Magic:  5/22       EV: 12    Int: 27    God:    Sif Muna [**....]
Gold:   1926       SH:  0    Dex: 11    Spells: 17/27 levels left

rFire    x x .     SeeInvis .   e - +7 hand axe of the Poles {vorpal, Str+5}
rCold    + + +     Gourm    .   (no shield)
rNeg     + + +     Faith    .   a - +0 robe
rPois    ∞         Spirit   .   d - +0 helmet "Tunareot" {Int+7} (curse)
rElec    .         Reflect  .   (no cloak)
rCorr    .         Harm     .   (no gloves)
MR       +....                  (no boots)
Stlth    ++........             (no amulet)
HPRegen  0.19/turn              s - ring of protection from cold
MPRegen  0.18/turn              y - ring of ice

@: no status effects
A: no food or potions, fire vulnerability, cold resistance 1, negative energy
resistance 3, torment resistance, unbreathing
a: Channel Magic, Renounce Religion


You were on level 7 of the Dungeon.
You worshipped Sif Muna.
Sif Muna was pleased with you.
You were not hungry.

You visited 1 branch of the dungeon, and saw 7 of its levels.
You also visited: Sewer.

You collected 1926 gold pieces.

Inventory:

Hand Weapons
 e - the +7 hand axe of the Poles (weapon) {vorpal, Str+5}
   (You found it on level 7 of the Dungeon)

   It inflicts extra damage upon your enemies.
   It affects your strength (+5).
 v - a +0 long sword
Missiles
 g - a curare-tipped dart (quivered)
 j - 6 javelins
 k - 24 bolts
 l - 78 sling bullets
Armour
 a - a +0 robe (worn)
 b - a +1 hat
 d - the cursed +0 helmet "Tunareot" (worn) {Int+7}
   (You found it on level 7 of the Dungeon)

   It affects your intelligence (+7).
   It has a curse placed upon it.
 p - a +2 kite shield
Jewellery
 s - a ring of protection from cold (left hand)
 y - a ring of ice (right hand)
Wands
 c - a wand of polymorph (7)
 q - a wand of iceblast (4)
 t - a wand of digging (4)
 u - a wand of flame (28)
Scrolls
 f - 6 scrolls of teleportation
 h - 3 scrolls of amnesia
 i - a scroll of enchant weapon
 m - a scroll of identify
 n - 2 scrolls of remove curse
 o - a scroll of fog
 r - a scroll of enchant armour


   Skills:
 + Level 1.0 Fighting
 + Level 1.9 Dodging
 - Level 1.5 Stealth
 * Level 9.7 Spellcasting
 * Level 6.1 Conjurations
 - Level 0.7 Summonings
 - Level 0.7 Translocations
 + Level 3.5 Air Magic
 + Level 3.5 Poison Magic
 + Level 0.8 Invocations


You had 17 spell levels left.
You knew the following spells:

 Your Spells              Type           Power        Failure   Level  Hunger
a - Magic Dart            Conj           ####         1%          1    N/A
b - Mephitic Cloud        Conj/Pois/Air  #####...     2%          3    N/A
c - Call Imp              Summ           ###.....     4%          2    N/A
d - Slow                  Hex            ##......     7%          2    N/A
q - Blink                 Tloc           N/A          4%          2    N/A

Your spell library contained the following spells:

 Spells                   Type           Power        Failure   Level  Hunger
 Conjure Flame            Conj/Fire      ####....     3%          3    N/A

Dungeon Overview and Level Annotations

Branches:
Dungeon (7/15)              Sewer (visited)
 Temple: D:4-7

Altars:
Cheibriados
Gozag
Hepliaklqana
Sif Muna
Trog


Innate Abilities, Weirdness & Mutations

You do not eat or drink.
Your flesh is vulnerable to fire.
You are immune to poison.
Your flesh is cold resistant. (rC+)
You are immune to negative energy. (rN+++)
You are immune to unholy pain and torment.
You can survive without breathing.


Message History

a +0 hand axe; an orc corpse The orc priest seems less confused.
The orc priest invokes the aid of Beogh against you.
Beogh smites you!
* * * LOW HITPOINT WARNING * * *
The orc priest miscasts a cantrip.
The shadow imp shouts, "Decamp, thou gleeking ditch-delivered deadneck!"
An ogre comes into view. It is wielding a +0 giant club.
The ogre shouts!
The shadow imp barely misses you.
Okay, then.
The shadow imp hits you.
* * * LOW HITPOINT WARNING * * *
The orc barely misses you.
The orc priest casts a cantrip, but nothing happens.
The howler monkey hoots and howls with incredible vigour!
You hear a shout!
The orc priest calls down the wrath of Beogh upon you.
Beogh smites you!
You die...

##........## #....(.....
##.....o## #.###......
####....# #.# #.(.... #.##o#
##.# ##..... #.##.# ##..#
#..... #.##h# #..## ...... #.
#5# ###.####...#..# #.
#.###..........#..# #.
#.@...........###.#
##.......###..# #..
##.###.#.....##...###.. #..
###........#...##..##....
#... .....##.###.......##.#.#
#...###.###..# #...##..##.#.#
#............###...#......#.#
#.......#..........#..##.[#[#
#........#####.......#....†.


You could see a howler monkey, an orc priest, a shadow imp and an orc.

Vanquished Creatures
  Grinder (D:3)
  Menkaure (D:6)
  Purgy (D:3)
  An orc warrior (D:7)
  A black bear (D:7)
  An ogre (D:6)
  2 phantoms (D:5)
  A centaur (D:7)
  Blork the orc (D:6)
  3 bullfrogs
  A scorpion (D:6)
  2 howler monkeys
  A crimson imp (D:6)
  A quasit (D:6)
  3 hounds
  3 orc priests
  A centaur skeleton (D:7)
  2 bullfrog skeletons (D:5)
  Jessica (D:2)
  Ijyb (D:3)
  5 worker ants
  Natasha (thrice) (D:3)
  2 iguanas
  5 orc wizards
  A hound skeleton (D:5)
  A river rat (D:6)
  12 adders
  9 oozes
  An adder zombie (D:6)
  3 worms
  20 leopard geckos
  25 orcs
  23 giant cockroaches
  7 goblins
  5 hobgoblins
  4 jackals
  6 kobolds
  4 quokkas
  4 ball pythons (Sewer)
  3 bats
  10 frilled lizards
  2 quokka skeletons (D:5)
  11 rats
195 creatures vanquished.

Vanquished Creatures (collateral kills)
  Edmund (D:5)
  A centaur skeleton (D:6)
  Terence (D:3)
3 creatures vanquished.

Vanquished Creatures (others)
  5 plants (D:6)
5 creatures vanquished.

Grand Total: 203 creatures vanquished

Notes
Turn   | Place    | Note
-------+----------+-------------------------------------------
     0 | D:1      | DerDa the Mummy Wizard began the quest for the Orb.
     0 | D:1      | Reached XP level 1. HP: 13/13 MP: 5/5
   131 | D:1      | Reached skill level 1 in Conjurations
   709 | D:1      | Reached XP level 2. HP: 19/19 MP: 4/7
  1635 | D:2      | Reached XP level 3. HP: 20/24 MP: 0/9
  2008 | D:2      | Noticed Jessica
  2021 | D:2      | Killed Jessica
  2021 | D:2      | Reached skill level 5 in Spellcasting
  2021 | D:2      | Reached XP level 4. HP: 28/30 MP: 2/11
  2433 | D:3      | Noticed Natasha
  2434 | D:3      | Noticed Grinder
  2537 | D:3      | Noticed a moth of wrath
  2539 | D:3      | Found a bloodstained altar of Trog.
  2791 | D:3      | Noticed Purgy
  3039 | D:4      | Learned a level 3 spell: Mephitic Cloud
  3042 | D:4      | Learned a level 2 spell: Call Imp
  3045 | D:4      | Learned a level 2 spell: Slow
  3048 | D:4      | Learned a level 2 spell: Blink
  3315 | D:4      | Found an opulent altar of Gozag.
  3637 | D:4      | Reached XP level 5. HP: 23/35 MP: 0/13
  4027 | D:3      | Reached skill level 6 in Spellcasting
  4264 | D:3      | Noticed Ijyb
  4279 | D:3      | Killed Ijyb
  4280 | D:3      | Killed Natasha
  4468 | D:3      | Noticed Natasha
  4477 | D:3      | Killed Natasha
  4477 | D:3      | Reached skill level 1 in Air Magic
  4477 | D:3      | Reached XP level 6. HP: 17/41 MP: 1/15
  4688 | D:3      | HP: 2/41 [Grinder (6)]
  5043 | D:3      | Killed Purgy
  5043 | D:3      | Reached skill level 1 in Poison Magic
  5217 | D:3      | Paralysed by Grinder for 6 turns
  5228 | D:3      | Killed Grinder
  5349 | D:3      | Noticed Natasha
  5354 | D:3      | Killed Natasha
  5471 | D:3      | Noticed Terence
  5479 | D:3      | Killed Terence
  5479 | D:3      | Reached skill level 7 in Spellcasting
  5479 | D:3      | Reached XP level 7. HP: 46/46 MP: 3/17
  5733 | D:5      | Entered Level 5 of the Dungeon
  6355 | D:5      | Found a shimmering blue altar of Sif Muna.
  6355 | D:5      | Found a hazy altar of Hepliaklqana.
  6604 | D:5      | Noticed Edmund
  6772 | D:5      | Killed Edmund
  6843 | D:5      | Reached skill level 8 in Spellcasting
  6843 | D:5      | Reached XP level 8. HP: 34/52 MP: 0/20
  7020 | D:5      | Became a worshipper of Sif Muna the Loreminder
  7502 | D:6      | Noticed Blork the orc
  7510 | D:6      | Reached skill level 5 in Conjurations
  7517 | D:6      | Killed Blork the orc
  7620 | D:6      | Noticed Menkaure
  7629 | D:6      | Killed Menkaure
  7713 | D:6      | Found a glowing drain.
  7718 | Sewer    | Entered a sewer
  7993 | Sewer    | Reached * piety under Sif Muna
  8611 | Sewer    | Reached ** piety under Sif Muna
  8629 | Sewer    | Reached skill level 9 in Spellcasting
  9454 | D:6      | Found a snail-covered altar of Cheibriados.
  9623 | D:6      | Reached XP level 9. HP: 50/57 MP: 9/22
  9752 | D:7      | Got a crude helmet
  9762 | D:7      | Identified the cursed +0 helmet "Tunareot" {Int+7} (You
                  | found it on level 7 of the Dungeon)
  9870 | D:7      | Got a jewelled hand axe
  9870 | D:7      | Identified the +7 hand axe of the Poles {vorpal, Str+5}
                  | (You found it on level 7 of the Dungeon)
 10148 | D:7      | Identified a scroll of acquirement
 10149 | D:7      | Acquired 1540 gold pieces
 10354 | D:7      | Reached skill level 1 in Fighting
 10366 | D:7      | HP: 2/59 [orc priest/divine providence (12)]
 10371 | D:7      | HP: 1/59 [shadow imp (2)]
 10385 | D:7      | Killed from afar by an orc priest

Illustrated notes

Levels and vault maps discovered:
D:1:      dpeg_arrival_connections, layout_basic
D:2:      lemuel_upstairs_altar, layout_basic, uniq_jessica
D:3:      layout_rooms, tgw_trog, uniq_natasha, uniq_ijyb, uniq_purgy,
          uniq_terence, uniq_grinder
D:4:      layout_basic, kennysheep_mini
D:5:      layout_cave_pools, chequers_temple_overflow_statue_of_worship,
          first_ration, roderic_lattice_a, uniq_edmund
D:6:      layout_loops_cross, kennysheep_mini_moat, gup_sewer_entry_bowl,
          minmay_lizard_king, uniq_menkaure, uniq_blork_the_orc
D:7:      layout_rooms, minmay_temple_entry_drinking_statues

Skill      XL: |  1  2  3  4  5  6  7  8  9 |
---------------+----------------------------+-----
Conjurations   | 1 2 3 4 5 6 |  6.1
Spellcasting   | 5 6 7 8 9 |  9.7
Air Magic      | 1 2 3 |  3.5
Poison Magic   | 1 2 3 |  3.5
Fighting       | 1 |  1.0
Dodging        | |  1.9
Stealth        | |  1.5
Summonings     | |  0.7
Translocations | |  0.7
Invocations    | |  0.8

Action                   |  1- 3 |  4- 6 |  7- 9 || total
-------------------------+-------+-------+-------++-------
Melee: Unarmed           |     1 |       |       ||     1
       Short sword       |     1 |    43 |    21 ||    65
       Hand axe          |       |       |    13 ||    13
Throw: Javelin           |       |     4 |    17 ||    21
       Stone             |       |       |     1 ||     1
 Cast: Magic Dart        |    75 |   168 |   412 ||   655
       Mephitic Cloud    |       |     5 |    23 ||    28
       Call Imp          |       |    18 |    17 ||    35
Evoke: Wand              |       |     5 |     1 ||     6
  Use: Scroll            |       |     4 |     7 ||    11
 Stab: Confused          |       |     1 |     2 ||     3
Armor: Robe              |     6 |    12 |    37 ||    55
Dodge: Dodged            |    13 |    75 |   142 ||   230
       Rpst.: Long sword |       |       |     3 ||     3
